Map: Romanticide LE

Players

uThermal - Winner!

  • Race: Terran Terran
  • Spawn Location: 11:00

Has

  • Race: Protoss Protoss
  • Spawn Location: 5:00

Event: IEM Katowice 2021

VOD

Have the link to the VOD?

Description

Time

  • Played on: Feb. 20, 2021, 12:24 p.m.
  • Length: 4:59

All games in this series

Show
View Real Time Build Order
Export as new Build Order

uThermal Terran - Winner!

Build Orders:  

Get SALT Encoding   

  12  0:00  SCV  
  13  0:12  SCV  
  14  0:17  Supply Depot  
  14  0:24  SCV  
  15  0:39  SCV, Barracks  
  16  0:44  Refinery  
  16  0:51  SCV  
  17  1:03  SCV  
  18  1:15  SCV  
  19  1:26  Marine  
  19  1:27  Orbital Command  
  20  1:40  Command Center  
  20  1:52  Factory  
  20  1:55  SCV  
  21  2:04  Barracks Reactor  
  21  2:08  SCV  
  22  2:11  Supply Depot  
  22  2:20  SCV  
  23  2:25  Refinery  
  23  2:33  SCV  
  24  2:40  Starport  
  24  2:44  Hellion  
  24  2:45  Hellion, SCV  
  29  2:51  Orbital Command  
  29  2:57  SCV  
  30  3:06  Hellion x2, Barracks Tech Lab  
  30  3:09  SCV  
  35  3:18  SCV  
  35  3:19  Medivac  
  38  3:21  SCV  
  39  3:27  Supply Depot  
  39  3:30  SCV  
  40  3:35  Cyclone  
  43  3:41  Marine x2  
  43  3:42  SCV  
  46  3:52  Barracks  
  46  3:53  SCV  
  46  3:54  Barracks  
  47  3:56  Starport Tech Lab  
  47  3:59  Marine x2  
  47  4:00  Supply Depot  
  49  4:03  SCV  
  49  4:07  SCV  
  51  4:15  SCV  
  51  4:16  Raven  
  54  4:21  Supply Depot  
  54  4:22  SCV, Marine  
  54  4:23  Marine  
  57  4:28  SCV  
  56  4:34  SCV  
  58  4:40  Marine  
  58  4:44  Bunker  
Show
View Real Time Build Order
Export as new Build Order

Has Protoss 

Build Orders: 1 Gate Expand 

Get SALT Encoding   

  12  0:00  Probe  
  13  0:12  Probe  
  14  0:17  Pylon  
  14  0:24  Probe  
  15  0:35  Gateway  
  15  0:37  Probe (Chrono Boost)  
  16  0:42  Assimilator  
  16  0:46  Probe (Chrono Boost)  
  17  0:52  Probe  
  18  1:04  Probe  
  19  1:16  Probe  
  20  1:24  Nexus  
  20  1:31  Cybernetics Core  
  20  1:36  Probe  
  21  1:40  Assimilator  
  21  1:46  Pylon  
  21  1:49  Probe  
  22  2:01  Probe  
  22  2:04  Adept (Chrono Boost)  
  22  2:08  Warp Gate  
  25  2:14  Probe  
  26  2:16  Twilight Council  
  26  2:26  Probe  
  26  2:27  Stalker  
  29  2:36  Probe  
  30  2:42  Robotics Facility  
  30  2:43  Probe (Chrono Boost)  
  31  2:49  Probe (Chrono Boost)  
  32  2:55  Probe (Chrono Boost)  
  34  3:00  Probe (Chrono Boost)  
  34  3:01  Charge (Chrono Boost)  
  34  3:08  Probe  
  35  3:14  Gateway  
  35  3:16  Gateway  
  35  3:28  Gateway  
  35  3:29  Gateway  
  35  3:32  Gateway  
  35  3:35  Gateway  
  35  3:40  Warp Prism (Chrono Boost)  
  33  3:47  Pylon  
  35  3:55  Pylon  
  35  3:58  Zealot  
  37  4:09  Warp Prism  
  27  4:26  Stalker  
  22  4:36  Zealot x3  
  23  4:38  Zealot  
  23  4:47  Zealot  

Tags
 
Add a new tag
Caveats
  • Supply blocks, unpowered buildings, or Contaminate may cause inaccurate times.
  • Supply counts are checked every 10 seconds.